 Dungeon Crawl Stone Soup version 0.29-a0-40-g8eb35efe60 (webtiles) character file.

Game seed: 16341079409975537567

63 lunkers the Magician (level 3, 0/19 HPs)
             Began as a Deep Elf Air Elementalist on Feb 1, 2022.
             Killed by their own static electricity (3 damage)
             ... on level 2 of the Dungeon.
             The game lasted 00:03:27 (2525 turns).

lunkers the Magician (Deep Elf Air Elementalist)    Turns: 2525, Time: 00:03:28

Health: 0/19       AC:  2    Str:  5    XL:     3   Next: 89%
Magic:  3/11       EV: 12    Int: 21    God:
Gold:   32         SH:  0    Dex: 15    Spells: 6/12 levels left

rFire   . . .      SeeInvis .   (no weapon)
rCold   . . .      Faith    .   (no shield)
rNeg    . . .      Spirit   .   a - +0 robe
rPois   .          Reflect  .   (no helmet)
rElec   .          Harm     .   (no cloak)
rCorr   .          Rampage  .   (no gloves)
Will    .....                   (no boots)
Stlth   ++........              (no amulet)
HPRegen 0.06/turn               (no ring)
MPRegen 0.12/turn               (no ring)

@: very slightly contaminated
A: no striking features
a: no special abilities


You were on level 2 of the Dungeon.
You visited 1 branch of the dungeon, and saw 2 of its levels.

You collected 32 gold pieces.

Inventory:

Missiles
 h - a throwing net
Armour
 a - a +0 robe (worn)
Scrolls
 f - a scroll of identify {unknown}
 g - a scroll of blinking {unknown}
 i - a scroll of noise {unknown}
Potions
 b - 2 potions of flight {unknown}
 c - 3 potions of heal wounds {unknown}
 d - 2 potions of curing {unknown}
 e - 2 potions of degeneration {unknown}
 j - 2 potions of attraction {unknown}


   Skills:
 - Level 2.4 Dodging
 - Level 2.4 Stealth
 * Level 5.1 Spellcasting
 - Level 1.1 Conjurations
 + Level 3.6 Air Magic


You had 6 spell levels left.
You knew the following spells:

 Your Spells              Type           Power      Damage    Failure   Level
a - Shock                 Conj/Air       60%        1d6       4%          1
b - Static Discharge      Conj/Air       15%        N/A       6%          2
c - Swiftness             Air            20%        N/A       7%          3

Your spell library contained the following spells:

 Spells                   Type           Power      Damage    Failure   Level
 Ensorcelled Hibernation  Hex/Ice        10%        N/A       16%         2
 Airstrike                Air            10%        N/A       24%         4
 Spider Form              Tmut/Pois      5%         N/A       32%         3
 Anguish                  Hex/Necr       2%         N/A       71%         4


Dungeon Overview and Level Annotations

Branches:
Dungeon (2/15)

Altars:

Shops:
D:1 :


Message History

The zap hits Robin but does no damage.
Robin is moderately wounded.
The zap misses Robin.
Unknown command.
Unknown command.
Casting: Shock (safe; 4% risk of failure)
Confirm with . or Enter, or press ? or * to list all spells.
Aiming: Shock (safe; 4% risk of failure)
Press: ? - help, Shift-Dir - straight line You miscast Shock.
You are very lightly contaminated with residual magic.
Nothing appears to happen.
Unknown command.
Casting: Shock (safe; 4% risk of failure)
Confirm with . or Enter, or press ? or * to list all spells.
Aiming: Shock (safe; 4% risk of failure)
Press: ? - help, Shift-Dir - straight line The zap hits Robin.
Robin is heavily wounded.
The zap hits the hobgoblin.
The hobgoblin is severely wounded.
The zap hits the hobgoblin.
You kill the hobgoblin!
Robin hits you with a +0 club.
* * * LOW HITPOINT WARNING * * *
Unknown command.
Casting: Shock (safe; 4% risk of failure)
Confirm with . or Enter, or press ? or * to list all spells.
Robin is struck by an arc of lightning.
Robin is severely wounded.
You are struck by an arc of lightning.
* * * LOW HITPOINT WARNING * * *
The lightning grounds out.
Robin misses you.
Unknown command.
Casting: Static Discharge (safe; 6% risk of failure)
Confirm with . or Enter, or press ? or * to list all spells.
Robin is struck by an arc of lightning!
You kill Robin!
You are struck by an arc of lightning.
You die...

##.......## ##.###
# ##.....## #.# #
##...## #.# #
##+## #.# # #.#
#.# # #.# #>#
######.#### #.#
#.........# #.#
......g...# #@#
....#...#.# #)#
#.#.##..#.######.#
#.#.#.....g.g....#
#.#...#.#.########
........#.#
#.........#
###########


There were no monsters in sight!

Vanquished Creatures
  Robin (D:2)
  2 adders (D:2)
  2 dart slugs
  6 ball pythons
  2 endoplasms
  3 giant cockroaches
  6 hobgoblins
  4 kobolds (D:2)
  3 quokkas
  A bat (D:1)
  2 frilled lizards
  3 goblins (D:2)
  4 rats
39 creatures vanquished.

Notes
Turn   | Place    | Note
-------+----------+-------------------------------------------
     0 | D:1      | lunkers the Deep Elf Air Elementalist began the quest for
                  | the Orb.
     0 | D:1      | Reached XP level 1. HP: 10/10 MP: 6/6
    16 | D:1      | Found Joeruv's Book Emporium.
   324 | D:1      | Reached XP level 2. HP: 15/15 MP: 5/8
   664 | D:1      | Learned a level 2 spell: Static Discharge
   699 | D:1      | Reached skill level 4 in Spellcasting
  1359 | D:2      | Reached XP level 3. HP: 18/19 MP: 3/10
  1363 | D:2      | Learned a level 3 spell: Swiftness
  1874 | D:2      | Found a faded altar of an unknown god.
  2185 | D:2      | Reached skill level 5 in Spellcasting
  2461 | D:2      | Noticed Robin
  2525 | D:2      | Killed Robin
  2525 | D:2      | Killed from afar by themself

Illustrated notes

Levels and vault maps discovered:
D:1:      ebering_hopf_link, layout_basic, serial_shops,
          nicolae_shop_temple_entry_statues_fountains, kennysheep_crisscross
D:2:      layout_loops_corners, chequers_ecumenical_altar_lobes,
          kennysheep_generic_room_2, uniq_robin

Skill      XL: |  1  2  3 |
---------------+----------+-----
Spellcasting   | 4 5 |  5.1
Dodging        | |  2.4
Stealth        | |  2.4
Conjurations   | |  1.1
Air Magic      | |  3.6

Action                   || total
-------------------------++-------
Melee: Unarmed           ||     5
 Cast: Shock             ||    68
       Static Discharge  ||    10
Armor: Robe              ||     6
Dodge: Dodged            ||    16

Table legend: (Time is in decaauts)
 A = Elapsed time spent in this place.
 B = Non-inter-level travel time spent in this place.
 C = Inter-level travel time spent in this place.
 D = Time resting spent in this place.
 E = Time spent auto-exploring this place.
 F = Levels seen in this place.
 G = Mean time per level.
                   A        B        C        D        E       F      G
               +--------+--------+--------+--------+--------+-----+--------+
         Total |   2524 |   2505 |     19 |     66 |   2206 |   2 | 1262.0 |
       Dungeon |   2524 |   2505 |     19 |     66 |   2206 |   2 | 1262.0 |
               +--------+--------+--------+--------+--------+-----+--------+

Top non-repeatable levels by time:
     D:2: 1364 daAuts
     D:1: 1160 daAuts
